 Dungeon Crawl Stone Soup version 0.31-a0-960-g0fca184906 (webtiles) character file.

Game seed: 1166408067488548720

8940 Azuregosa the Fighter (level 11, -4/82 HPs)
             Began as an Octopode Artificer on Oct 23, 2023.
             Was an Elder of Okawaru.
             Slain by Snorg (7 damage)
             ... on level 9 of the Dungeon.
             The game lasted 00:40:51 (8602 turns).

Azuregosa the Fighter (Octopode Artificer)          Turns: 8602, Time: 00:40:54

Health: -4/82      AC:  5    Str: 11    XL:     11   Next: 38%
Magic:  11/11      EV: 19    Int: 15    God:    Okawaru [****..]
Gold:   457        SH:  0    Dex: 21    Spells: 9/10 levels left

rFire   . . .        s - +9 dire flail "Patuurch" {heavy, Dex+5}
rCold   . . .        (shield currently unavailable)
rNeg    . . .        (helmet restricted)
rPois   .            u - amulet of regeneration
rElec   .            C - +4 ring of protection
rCorr   .            (no ring)
SInv    .            (no ring)
Will    .....        (no ring)
Stlth   +++++        (no ring)
HPRegen 1.13/turn    (no ring)
MPRegen 0.12/turn    (no ring)
                     (no ring)

%: no passive effects
@: no status effects
A: almost no armour, amphibious, 8 rings, camouflage 1, gelatinous body 1,
(nimble swimmer 1), tentacles
a: Renounce Religion, Heroism, Finesse


You were on level 9 of the Dungeon.
You worshipped Okawaru.
Okawaru was greatly pleased with you.
You visited 3 branches of the dungeon, and saw 12 of its levels.
You also visited: Bailey.

You collected 582 gold pieces.
You spent 125 gold pieces at shops.

Inventory:

Hand Weapons
 s - the +9 dire flail "Patuurch" (weapon) {heavy, Dex+5}
   (You took it off an ogre on level 6 of the Dungeon)

   Dex+5:     It affects your dexterity (+5).
 E - a +2 scimitar of protection
 H - a +1 dagger of protection
 O - a +0 whip of flaming
Missiles
 i - 76 stones
 l - 23 poisoned darts
 Q - 9 boomerangs
Armour
 h - a +0 tower shield
 o - an orb of light
Magical Staves
 y - a staff of air
Jewellery
 u - an amulet of regeneration (around mantle)
 C - a +4 ring of protection (left tentacle)
 D - a +6 ring of strength
Talismans
 w - a beast talisman
 I - a beast talisman
Wands
 b - a wand of flame (57) (quivered)
 c - a wand of charming (15)
 d - a wand of iceblast (5)
 N - a wand of polymorph (8)
Scrolls
 a - a scroll of poison {unknown}
 j - a scroll of fog {unknown}
 k - 4 scrolls of noise
 n - a scroll of blinking {unknown}
 p - 2 scrolls of enchant armour {unknown}
 x - 2 scrolls of summoning {unknown}
 B - a scroll of torment {unknown}
 F - a scroll of identify
 J - 2 scrolls of enchant weapon {unknown}
 K - a scroll of brand weapon {unknown}
 L - 2 scrolls of teleportation
 M - a scroll of revelation {unknown}
 P - a scroll of fear {unknown}
 S - a scroll of acquirement {unknown}
Potions
 e - 4 potions of lignification {unknown}
 f - a potion of might {unknown}
 g - 2 potions of curing
 m - 3 potions of attraction {unknown}
 q - 3 potions of haste
 r - a potion of cancellation {unknown}
 t - a potion of resistance {unknown}
 v - a potion of berserk rage {unknown}
 z - a potion of degeneration {unknown}
 A - 2 potions of heal wounds {unknown}
 G - a potion of mutation {unknown}
 R - a potion of magic {unknown}


   Skills:
 + Level 10.5 Fighting
 + Level 6.2 Maces & Flails
 - Level 1.0(4.0) Staves
 - Level 8.0 Dodging
 - Level 8.2 Stealth
 - Level 8.0 Shields
 - Level 3.2 Evocations


You had 9 spell levels left.
You knew the following spells:

 Your Spells              Type           Power      Damage    Failure   Level
a - Foxfire               Conj/Fire      0%         2x1d4     26%         1

Your spell library contained the following spells:

 Spells                   Type           Power      Damage    Failure   Level
 Apportation              Tloc           0%         N/A       26%         1
 Cigotuvi's Dreadful Rot  Necr/Pois/Air  0%         N/A       38%         2
 Jinxbite                 Hex            0%         N/A       38%         2
 Ignite Poison            Fire/Tmut/Pois 0%         N/A       63%         3
 Ozocubu's Armour         Ice            0%         N/A       63%         3
 Sigil of Binding         Hex            0%         N/A       63%         3
 Volatile Blastmotes      Fire/Tloc      0%         2d10      63%         3
 Dimensional Bullseye     Hex/Tloc       0%         N/A       95%         4
 Fulminant Prism          Conj/Hex       0%         3d5       95%         4
 Iskenderun's Mystic Bla  Conj/Tloc      0%         2d3       95%         4
 Leda's Liquefaction      Hex/Erth       0%         N/A       95%         4
 Alistair's Intoxication  Tmut/Pois      0%         N/A       100%        5
 Freezing Cloud           Conj/Ice/Air   0%         6-21      100%        5
 Plasma Beam              Fire/Air       0%         2x1d10    100%        6
 Starburst                Conj/Fire      0%         6d3       100%        6
 Ozocubu's Refrigeration  Ice            0%         4d7       100%        7
 Call Canine Familiar     Summ           Unusable   N/A       N/A         3

Dungeon Overview and Level Annotations

Branches:
Dungeon (10/15)            Temple (1/1) D:7             Orc (1/2) D:9
 Bailey (visited)
   Lair: D:8-11

Altars:
Ashenzari
Cheibriados
Dithmenos
Elyvilon
Gozag
Hepliaklqana
Makhleb
Nemelex Xobeh
Okawaru
Qazlal
Ru
Trog
Uskayaw
Wu Jian
Xom
Yredelemnul
Zin
The Shining One
Lugonu

Shops:
D:2 (

Annotations:
D:6 Jeremiah
D:9 Snorg


Innate Abilities, Weirdness & Mutations

You cannot wear most types of armour.
You are amphibious.
You can wear up to eight rings at the same time.
Your skin changes colour to match your surroundings (Stealth+).
Your rubbery body absorbs attacks. (AC +1, EV +1)
((You are camouflaged when in or above water. (Stealth+)))
You have tentacles for arms and can constrict up to eight enemies at once.


Message History

The orc closely misses you. Snorg completely misses you. Snorg misses you.
Snorg claws you.
There is a staircase back to the Dungeon, spattered with blood here.
Snorg bites you. Snorg claws you. x2
The orc priest mumbles some strange prayers to Beogh against you.
Beogh smites you!
The orc priest hits you from afar with a +0 trident.
You climb upwards.
Welcome back to the Dungeon!
There is a staircase to the Orcish Mines, spattered with blood here.
Things that are here:
a +0 robe; a +0 dagger You impale the orc!!
You kill the orc!
Okawaru accepts your kill. Snorg bites you!
Snorg barely misses you. x2; Snorg completely misses you. x2
Snorg barely misses you.
You puncture Snorg!
Snorg is lightly wounded.
Snorg pats her sizable gut.
Snorg closely misses you. Snorg misses you. Snorg closely misses you.
You bludgeon Snorg!!
Snorg is moderately wounded.
Snorg misses you. Snorg closely misses you. Snorg claws you but does no damage.
Snorg misses you. x2; Snorg barely misses you.
You puncture Snorg!
Snorg is heavily wounded.
Snorg goes berserk!
You puncture Snorg!
Snorg is heavily wounded.
Snorg closely misses you. Snorg claws you but does no damage. Snorg claws you!
Snorg bites you but does no damage. Snorg claws you.
Snorg completely misses you.
You completely miss Snorg. Your squeeze misses Snorg.
Snorg is heavily wounded.
Snorg bites you! Snorg barely misses you. Snorg claws you!
* * * LOW HITPOINT WARNING * * *
Snorg misses you. Snorg claws you!
* * * LOW HITPOINT WARNING * * *
Snorg claws you!
You die...

......
.....#.....#.....
....##
.....#.....#.....
.#..##
.....#.....#.....
......
...............###
##'###
#................#
###.............#..#
.........)......#..#
........[@[........#
........[T).....#..#
#..................#
#............)....#
........[...))....#
.............#.##.#
.##....[##...#.)[.###+#
#.....######........#
#.....##...#......#.#


You could see Snorg (berserk).

Vanquished Creatures
  Pikel (D:6)
  The ghost of lastchild the Insei, a novice OpSh of Makhleb (D:6)
  The ghost of flestrin the Ruffian, a novice TrMo (D:4)
  Maggie (D:6)
  An unseen horror (D:8)
  A hornet (D:8)
  A spriggan (Bailey)
  2 wyverns
  14 yaks
  Eustachio (D:4)
  A warg (D:9)
  A steam dragon (D:9)
  Menkaure (D:4)
  An acid dragon (D:9)
  4 orc warriors
  3 ice beasts
  2 black bears
  5 ogres
  4 lemures (D:6)
  3 centaurs
  5 bullfrogs
  A kobold brigand (D:8)
  A gnoll sergeant (D:9)
  A scorpion (D:5)
  12 wights
  6 killer bees
  A hound (D:5)
  3 jellies
  3 orc priests
  A gnoll bouda (D:9)
  Jessica (D:2)
  6 iguanas
  Ijyb (D:4)
  10 orc wizards
  16 gnolls
  A river rat (D:4)
  7 adders
  2 shadow imps (D:7)
  A white imp (D:7)
  2 ufetubi (D:6)
  2 worms
  11 dart slugs
  31 orcs
  13 ball pythons
  5 endoplasms
  3 giant cockroaches
  10 goblins
  6 hobgoblins
  5 jackals
  11 kobolds
  3 quokkas
  2 bats
  6 frilled lizards
  6 rats
244 creatures vanquished.

Vanquished Creatures (others)
  An orc wizard (D:7)
  6 foxfires (D:3)
7 creatures vanquished.

Grand Total: 251 creatures vanquished

Notes
Turn   | Place    | Note
-------+----------+-------------------------------------------
     0 | D:1      | Azuregosa the Octopode Artificer began the quest for the
                  | Orb.
     0 | D:1      | Reached XP level 1. HP: 13/13 MP: 1/1
   267 | D:1      | Reached XP level 2. HP: 18/18 MP: 2/2
   966 | D:2      | Reached skill level 1 in Shields
   966 | D:2      | Reached XP level 3. HP: 22/23 MP: 3/3
  1045 | D:2      | Learned a level 1 spell: Foxfire
  1121 | D:2      | Found Exufasiph's Antique Weapon Emporium.
  1126 | D:2      | Noticed Jessica
  1139 | D:2      | Killed Jessica
  1175 | D:2      | Reached XP level 4. HP: 20/28 MP: 4/4
  1197 | D:2      | Bought a glowing dagger for 125 gold pieces
  1211 | D:2      | You fall into a shaft and drop 1 floor!
  1277 | D:3      | Noticed an ice beast
  1311 | D:3      | Killed an ice beast
  1312 | D:3      | Reached skill level 5 in Stealth
  1312 | D:3      | Reached XP level 5. HP: 12/33 MP: 0/5
  1981 | D:3      | Identified the +1 robe of Qeuduny {Str+4 Int+2}
  2017 | D:3      | Found a sacrificial altar of Ru.
  2044 | D:3      | Reached XP level 6. HP: 38/38 MP: 6/6
  2179 | D:3      | Found a glowing golden altar of the Shining One.
  2507 | D:4      | Noticed Eustachio
  2618 | D:5      | Entered Level 5 of the Dungeon
  2668 | D:5      | Found a runed translucent door.
  2671 | D:5      | Noticed flestrin's ghost (novice TrMo)
  2820 | D:4      | Killed Eustachio
  2821 | D:4      | Reached XP level 7. HP: 28/43 MP: 7/7
  3104 | D:4      | Noticed Menkaure
  3112 | D:4      | Killed Menkaure
  3113 | D:4      | Reached skill level 5 in Shields
  3274 | D:4      | Noticed Ijyb
  3276 | D:4      | Killed Ijyb
  3493 | D:5      | Reached skill level 2 in Fighting
  3628 | D:5      | Reached XP level 8. HP: 51/51 MP: 8/8
  3631 | D:5      | Reached skill level 3 in Fighting
  3911 | D:5      | Found a runed translucent door.
  4067 | D:4      | Killed flestrin's ghost
  4068 | D:4      | Reached skill level 5 in Fighting
  4256 | D:6      | Noticed Jeremiah
  4368 | D:6      | Found a transporter.
  4369 | D:6      | Identified the +9 dire flail "Patuurch" {heavy, Dex+5}
  4370 | D:6      | Noticed lastchild's ghost (novice OpSh)
  4371 | D:6      | Found a transporter.
  4453 | D:6      | Noticed Maggie
  4467 | D:6      | Killed Maggie
  4468 | D:6      | Reached XP level 9. HP: 59/62 MP: 9/9
  4486 | D:6      | Noticed Pikel
  4835 | D:6      | Reached skill level 6 in Fighting
  5204 | D:7      | Found an iron altar of Okawaru.
  5204 | D:7      | Found a white marble altar of Elyvilon.
  5205 | D:7      | Found a bloodstained altar of Trog.
  5211 | D:7      | Became a worshipper of Warmaster Okawaru
  5251 | D:7      | Found a flagged portal.
  5288 | Bailey   | Entered a bailey
  5379 | Bailey   | Reached skill level 5 in Dodging
  5427 | Bailey   | HP: 2/63 [spriggan/+4 trident (15)]
  5756 | D:6      | Reached skill level 7 in Fighting
  5877 | D:6      | Killed Pikel
  5877 | D:6      | Reached * piety under Okawaru
  6306 | D:6      | Reached XP level 10. HP: 28/69 MP: 10/10
  6351 | D:6      | Killed lastchild's ghost
  6352 | D:6      | Reached skill level 8 in Fighting
  6598 | D:7      | Found a staircase to the Ecumenical Temple.
  6660 | Temple   | Entered the Ecumenical Temple
  6724 | D:7      | Reached skill level 1 in Staves
  6865 | D:8      | Reached ** piety under Okawaru
  6870 | D:8      | Reached skill level 1 in Maces & Flails
  7009 | D:8      | Reached skill level 9 in Fighting
  7380 | D:8      | Found a snail-covered altar of Cheibriados.
  7380 | D:8      | Found a basalt altar of Yredelemnul.
  7510 | D:8      | Killed an unseen horror
  7510 | D:8      | Reached *** piety under Okawaru
  7618 | D:8      | Found a sparkling altar of Nemelex Xobeh.
  7945 | D:9      | Reached XP level 11. HP: 74/79 MP: 11/11
  8014 | D:9      | Found a stormy altar of Qazlal.
  8088 | D:9      | Reached skill level 5 in Maces & Flails
  8090 | D:9      | Reached skill level 10 in Fighting
  8130 | D:10     | Entered Level 10 of the Dungeon
  8190 | D:9      | Reached **** piety under Okawaru
  8286 | D:9      | Found a staircase to the Orcish Mines.
  8509 | Orc:1    | Entered Level 1 of the Orcish Mines
  8509 | Orc:1    | Noticed Snorg
  8602 | D:9      | HP: 3/82 [Snorg (14)]
  8602 | D:9      | Slain by Snorg

Illustrated notes

Levels and vault maps discovered:
D:1:      mrwooster_arrival_statue, layout_basic, serial_aquarium,
          aquarium_bridge_square [aquarium_subvault_bridge,
          aquarium_subvault_bridge, aquarium_subvault_bridge,
          aquarium_subvault_bridge], aquarium_window_2, aquarium_window_1,
          aquarium_window_1, aquarium_view_2a, aquarium_view_2d
D:2:      layout_loops_ring, serial_shops, shop, minmay_tetromino_t4,
          uniq_jessica
D:3:      minmay_inner_zag, layout_loops_ring, tso_oasis_becter,
          nicolae_ru_awakened_eye, kennysheep_generic_room_7
D:4:      layout_loops_cross, uniq_menkaure, uniq_ijyb, uniq_eustachio
D:5:      kennysheep_slugbush, layout_loops_ring, ebering_ghost_sewer_f
D:6:      layout_basic, gammafunk_ghost_smash, uniq_jeremiah, uniq_maggie,
          uniq_pikel
D:7:      layout_basic, gammafunk_temple_overflow_claw,
          minmay_temple_entry_trees, enter_bailey_5,
          hangedman_abyss_or_decor_stabs
D:8:      layout_loops_ring, nemelex_diamond_rough_becter,
          gammafunk_temple_overflow_wave, hangedman_decor_points
D:9:      layout_stronghold, nicolae_qazlal_style_of_elements, lair_entry_dummy,
          david_orc_3, serial_shops, nicolae_shop_window_shopping
D:10:     layout_layer_cave, palyth_temple_overflow_mages, fedhas_altar_1,
          minmay_quadrilaterals
Temple:   corrupted_temple
Orc:1:    layout_caves, basic_altar, minmay_shop_mayhem, uniq_snorg, uniq_urug

Skill      XL: |  1  2  3  4  5  6  7  8  9 10 11 |
---------------+----------------------------------+-----
Stealth        | 2 3 4 5 6 7 8 |  8.2
Shields        | 1 3 4 5 7 8 |  8.0
Fighting       | 2 5 7 9 10 | 10.5
Dodging        | 3 6 8 |  8.0
Staves         | 1 |  1.0
Maces & Flails | 4 6 |  6.2
Evocations     | |  3.2

Action                     |  1- 3 |  4- 6 |  7- 9 | 10-12 || total
---------------------------+-------+-------+-------+-------++-------
  Melee: Club              |    62 |     1 |       |       ||    63
         Constrict         |    22 |    24 |    74 |    32 ||   152
         Tentacles         |    18 |    28 |   103 |    59 ||   208
         Punch             |     1 |     1 |     9 |     3 ||    14
         Dagger            |       |   118 |   413 |    89 ||   620
         Unarmed           |       |       |     3 |       ||     3
         Dire flail        |       |       |       |   178 ||   178
   Fire: Sling             |       |       |     2 |       ||     2
   Cast: Foxfire           |       |     4 |       |       ||     4
  Evoke: Wand              |       |     4 |    15 |       ||    19
    Use: Scroll            |       |       |     4 |       ||     4
         Potion            |       |       |     1 |     3 ||     4
   Stab: Sleeping          |     4 |    19 |    10 |     6 ||    39
         Distracted        |       |     1 |       |     1 ||     2
 Armour: Skin              |    29 |    96 |   272 |   195 ||   592
  Dodge: Dodged            |    32 |    43 |   123 |   278 ||   476
  Block: Tower shield      |    34 |    80 |   388 |    61 ||   563

Table legend: (Time is in decaauts)
 A = Elapsed time spent in this place.
 B = Non-inter-level travel time spent in this place.
 C = Inter-level travel time spent in this place.
 D = Time resting spent in this place.
 E = Time spent auto-exploring this place.
 F = Levels seen in this place.
 G = Mean time per level.
                   A        B        C        D        E       F      G
               +--------+--------+--------+--------+--------+-----+--------+
         Total |   8997 |   8815 |    182 |   1093 |   4040 |  13 |  692.1 |
       Dungeon |   8819 |   8637 |    182 |   1060 |   4030 |  10 |  881.9 |
        Temple |     17 |     17 |      0 |      0 |      0 |   1 |   17.0 |
  Orcish Mines |      9 |      9 |      0 |      0 |      0 |   1 |    9.0 |
        Bailey |    151 |    151 |      0 |     33 |     10 |   1 |  151.0 |
               +--------+--------+--------+--------+--------+-----+--------+

Top non-repeatable levels by time:
     D:6: 1688 daAuts
     D:8: 1116 daAuts
     D:5: 994 daAuts
     D:4: 974 daAuts
     D:3: 969 daAuts
     D:1: 911 daAuts
     D:9: 741 daAuts
     D:2: 703 daAuts
     D:7: 701 daAuts
  Bailey: 151 daAuts
    D:10: 18 daAuts
  Temple: 17 daAuts
   Orc:1: 9 daAuts
